[Event "December 12 Late 2023"]
[Site "https://www.chess.com"]
[Date "2023.12.12"]
[Round "3"]
[White "Gao, Raymond"]
[Black "Dilmukhametov, Artur"]
[Result "1-0"]
[Board "135"]
[TimeControl "180+1"]
[WhiteFideId "2629429"]
[BlackFideId "24179922"]
[WhiteElo "2236"]
[BlackElo "2414"]
[WhiteTeam "CAN"]
[BlackTeam "RUS"]
[WhiteClock "0:01:50"]
[BlackClock "0:01:02"]

1. d4 Nf6 2. Nf3 g6 3. c4 d5 4. Bg5 Ne4 5. Bf4 Bg7 6. Nc3 O-O 7. e3 Nxc3 8. bxc3 c5 9. Be2 Qa5 10. Qd2 dxc4 11. Bxc4 Rd8 12. O-O Nc6 13. Ng5 e6 14. Qe2 Qxc3 15. Rac1 Qa5 16. dxc5 Bd7 17. Qf3 Be8 18. Qh3 h6 19. Nxe6 fxe6 20. Qxe6+ Kf8 21. Qg8+ Ke7 22. Qxg7+ 1-0

[Event "December 12 Late 2023"]
[Site "https://www.chess.com"]
[Date "2023.12.12"]
[Round "3"]
[White "Erece, Ece Alkim"]
[Black "Hoffmann, Asa"]
[Result "1-0"]
[Board "136"]
[TimeControl "180+1"]
[WhiteFideId "6346006"]
[BlackFideId "2001470"]
[WhiteElo "2229"]
[BlackElo "2394"]
[WhiteTeam "TUR"]
[BlackTeam "USA"]
[WhiteClock "0:00:15"]
[BlackClock "0:00:41"]

1. e4 d6 2. d4 Nf6 3. Nc3 c6 4. f4 Qa5 5. Bd3 e5 6. Nf3 exd4 7. Nxd4 Qb6 8. Be3 Ng4 9. Qf3 Nxe3 10. Qxe3 Qxb2 11. Kd2 Qb6 12. Rab1 Qc7 13. e5 d5 14. e6 Bd6 15. exf7+ Kxf7 16. Rhf1 Re8 17. Qg3 Kg8 18. Qh4 h6 19. Qh5 Re4 20. Nxe4 dxe4 21. Bxe4 Qd8 22. Qg6 Bxf4+ 23. Kd3 Qg5 24. Qh7+ Kf8 25. g3 Nd7 26. Rxf4+ Qxf4 27. gxf4 Nc5+ 28. Ke3 Nxe4 29. Kxe4 Bd7 30. Qh8+ Kf7 31. Qxa8 1-0

[Event "December 12 Late 2023"]
[Site "https://www.chess.com"]
[Date "2023.12.12"]
[Round "3"]
[White "De Lima, Valdenicio Marcelino"]
[Black "Rios Escobar, Adan"]
[Result "1-0"]
[Board "137"]
[TimeControl "180+1"]
[WhiteFideId "2132044"]
[BlackFideId "3403645"]
[WhiteElo "2227"]
[BlackElo "2393"]
[WhiteTeam "BRA"]
[BlackTeam "CHI"]
[WhiteClock "0:01:35"]
[BlackClock "0:00:02"]

1. Nf3 Nf6 2. d4 g6 3. Bf4 Bg7 4. e3 b6 5. Nbd2 Bb7 6. h3 O-O 7. Be2 d6 8. O-O Nbd7 9. c3 Ne4 10. Nxe4 Bxe4 11. Nd2 Bb7 12. Bf3 Qb8 13. a4 a5 14. Re1 e5 15. dxe5 dxe5 16. Bg3 Nc5 17. Bxb7 Qxb7 18. Qc2 Rad8 19. Nc4 e4 20. Rad1 Rd3 21. Ne5 Bxe5 22. Bxe5 Rfd8 23. Bd4 Rxd1 24. Rxd1 Nd3 25. f3 f5 26. fxe4 fxe4 27. Rf1 c5 28. Bf6 Rf8 29. Qb3+ Rf7 30. Bg5 Kf8 31. Bh6+ Kg8 32. Qe6 Qd7 33. Qxd7 Rxf1+ 34. Kxf1 Ne5 35. Qg7# 1-0

[Event "December 12 Late 2023"]
[Site "https://www.chess.com"]
[Date "2023.12.12"]
[Round "3"]
[White "Cueto, Jonny"]
[Black "Haszon, David"]
[Result "1-0"]
[Board "138"]
[TimeControl "180+1"]
[WhiteFideId "3300145"]
[BlackFideId "733610"]
[WhiteElo "2223"]
[BlackElo "2393"]
[WhiteTeam "BOL"]
[BlackTeam "HUN"]
[WhiteClock "0:01:36"]
[BlackClock "0:01:34"]

1. d4 d5 2. Bf4 e6 3. e3 c5 4. Nf3 Nc6 5. Nbd2 Nf6 6. c3 Bd6 7. Ne5 O-O 8. Bd3 Qe7 9. Qf3 Nd7 10. Qh3 f5 11. Ndf3 Bxe5 12. Nxe5 Ndxe5 13. dxe5 c4 14. Bc2 Bd7 15. g4 g5 16. gxf5 gxf4 17. Rg1+ Kf7 18. Qxh7+ Ke8 19. Rg7 Rf7 20. f6 Qf8 21. Bg6 Nd8 22. Rg8 1-0

[Event "December 12 Late 2023"]
[Site "https://www.chess.com"]
[Date "2023.12.12"]
[Round "3"]
[White "Fernandez Hernandez, Gerardo"]
[Black "Kostiukov, Alexandr"]
[Result "1-0"]
[Board "139"]
[TimeControl "180+1"]
[WhiteFideId "2207400"]
[BlackFideId "14108100"]
[WhiteElo "2222"]
[BlackElo "2388"]
[WhiteTeam "ESP"]
[BlackTeam "UKR"]
[WhiteClock "0:00:34"]
[BlackClock "0:00:00"]

1. e4 c5 2. d3 g6 3. g3 Bg7 4. Bg2 Nc6 5. f4 e6 6. Nf3 d5 7. O-O Nge7 8. e5 Nf5 9. g4 Nh4 10. Nxh4 Qxh4 11. c3 Nxe5 12. fxe5 Bxe5 13. Bf4 Bg7 14. Qf3 O-O 15. Bd6 Bd7 16. Bxc5 Bb5 17. Bxf8 Rxf8 18. a4 Ba6 19. Nd2 e5 20. Rfe1 Rd8 21. Rf1 Rd7 22. Rae1 e4 23. dxe4 Bxf1 24. Rxf1 Be5 25. Qh3 Qe7 26. exd5 f6 27. Qd3 Kg7 28. Nf3 Bf4 29. Re1 Qc5+ 30. Nd4 Be5 31. Kh1 1-0

[Event "December 12 Late 2023"]
[Site "https://www.chess.com"]
[Date "2023.12.12"]
[Round "3"]
[White "CarlMagnuson"]
[Black "Skaric, Djuro"]
[Result "1-0"]
[Board "140"]
[TimeControl "180+1"]
[BlackFideId "934569"]
[WhiteElo "2220"]
[BlackElo "2381"]
[BlackTeam "SRB"]
[WhiteClock "0:01:49"]
[BlackClock "0:01:05"]

1. e4 d6 2. d4 g6 3. f4 Bg7 4. Nf3 Nf6 5. Bd3 O-O 6. O-O Bg4 7. Kh1 Nc6 8. c3 e5 9. d5 Ne7 10. fxe5 dxe5 11. Qe1 Nh5 12. Be3 f5 13. Nbd2 f4 14. Bf2 h6 15. Nc4 Bxf3 16. gxf3 Nc8 17. Rg1 Kh7 18. Qf1 Nd6 19. Qh3 Nxc4 20. Bxc4 Qd6 21. Rg2 b6 22. Rag1 Rf6 23. Bh4 g5 24. Bxg5 hxg5 25. Qxh5+ Rh6 26. Qxg5 Bf6 27. Qf5+ Kh8 28. Rg6 Qf8 29. d6 cxd6 30. Rxh6+ Qxh6 31. Rg6 Qh4 32. Qxf6+ Qxf6 33. Rxf6 Rc8 34. Bd5 1-0

[Event "December 12 Late 2023"]
[Site "https://www.chess.com"]
[Date "2023.12.12"]
[Round "3"]
[White "Wang, Alexander J"]
[Black "Akhayan, Ruben"]
[Result "0-1"]
[Board "141"]
[TimeControl "180+1"]
[WhiteFideId "30955270"]
[BlackFideId "204439"]
[WhiteElo "2211"]
[BlackElo "2378"]
[WhiteTeam "USA"]
[BlackTeam "BEL"]
[WhiteClock "0:00:00"]
[BlackClock "0:01:51"]

1. e4 e5 2. Nf3 Nc6 3. Bb5 a6 4. Ba4 Nf6 5. d4 exd4 6. O-O Be7 7. e5 Nd5 8. Bb3 Nb6 9. Nxd4 O-O 10. Nxc6 dxc6 11. Nc3 Qxd1 12. Rxd1 Bg4 13. f3 Bf5 14. Be3 Rad8 15. Bf2 h6 16. a4 a5 17. Ne4 Nd5 18. c3 b6 19. Rd2 Nf4 20. Rad1 Rxd2 21. Rxd2 Rd8 22. Rxd8+ Bxd8 23. Kf1 Nd3 24. Ke2 Nxe5 0-1

[Event "December 12 Late 2023"]
[Site "https://www.chess.com"]
[Date "2023.12.12"]
[Round "3"]
[White "Floresvillar Gonzalez, Luis Migu"]
[Black "Balla, Tamas-Kristof"]
[Result "0-1"]
[Board "142"]
[TimeControl "180+1"]
[WhiteFideId "5100542"]
[BlackFideId "1208497"]
[WhiteElo "2207"]
[BlackElo "2376"]
[WhiteTeam "MEX"]
[BlackTeam "ROU"]
[WhiteClock "0:00:13"]
[BlackClock "0:01:52"]

1. d4 d5 2. c3 Nf6 3. Bf4 e6 4. Nd2 Bd6 5. e3 Bxf4 6. exf4 O-O 7. g4 b6 8. g5 Ne4 9. Nxe4 dxe4 10. Bg2 Bb7 11. Ne2 f6 12. h4 Nd7 13. Ng3 fxg5 14. hxg5 Rxf4 15. Qe2 Qxg5 16. Rh5 Qg6 17. Rh2 Raf8 18. Bh1 e3 19. Bxb7 exf2+ 20. Rxf2 Qxg3 21. Qxe6+ Kh8 22. O-O-O Rxf2 23. Qxd7 Qh2 24. Bd5 Rxb2 25. Bb3 Rg2 26. Qe7 Qf4+ 27. Kb1 Qf2 28. Qa3 h5 29. Rd2 Rg1+ 30. Kc2 Qf5+ 31. Kb2 Rb1# 0-1

[Event "December 12 Late 2023"]
[Site "https://www.chess.com"]
[Date "2023.12.12"]
[Round "3"]
[White "Buenafe Moya, Javier"]
[Black "Curtis, John"]
[Result "1-0"]
[Board "143"]
[TimeControl "180+1"]
[WhiteFideId "2206412"]
[BlackFideId "3200256"]
[WhiteElo "2371"]
[BlackElo "2199"]
[WhiteTeam "ESP"]
[BlackTeam "AUS"]
[WhiteClock "0:01:01"]
[BlackClock "0:00:00"]

1. c4 Nf6 2. Nc3 e5 3. Nf3 Nc6 4. e4 d6 5. g3 Bg4 6. h3 Bxf3 7. Qxf3 Nd4 8. Qd1 Nd7 9. Bg2 Nc5 10. d3 Be7 11. O-O O-O 12. Be3 a5 13. f4 c6 14. f5 Bg5 15. Bf2 a4 16. Ne2 Nxe2+ 17. Qxe2 Qa5 18. Rab1 Qb4 19. d4 exd4 20. Bxd4 Nd7 21. Kh2 Rfe8 22. b3 a3 23. Rbd1 Ne5 24. Qf2 c5 25. Ba1 Rad8 26. Rd5 b5 27. cxb5 Qxb5 28. Rfd1 Bf6 29. Qf4 Qb8 30. g4 h6 31. Kg3 Bg5 32. Qf1 Bf6 33. h4 Rd7 34. Qe2 Qd8 35. Rh1 Qe7 36. Qe3 Nc6 37. Bxf6 Qxf6 38. g5 1-0

[Event "December 12 Late 2023"]
[Site "https://www.chess.com"]
[Date "2023.12.12"]
[Round "3"]
[White "Nita, Lucian"]
[Black "Manfroi, Alexander Giannini"]
[Result "1-0"]
[Board "144"]
[TimeControl "180+1"]
[WhiteFideId "1206923"]
[BlackFideId "22739335"]
[WhiteElo "2358"]
[BlackElo "2197"]
[WhiteTeam "ROU"]
[BlackTeam "BRA"]
[WhiteClock "0:00:20"]
[BlackClock "0:00:14"]

1. e4 e5 2. Nf3 Nc6 3. Bb5 a6 4. Ba4 d6 5. O-O Bg4 6. c3 Qf6 7. d3 h5 8. Nbd2 g5 9. h3 Bd7 10. Nh2 Be7 11. Qf3 Qg6 12. Bxc6 bxc6 13. g4 hxg4 14. Nxg4 Bxg4 15. hxg4 O-O-O 16. Kg2 Nf6 17. Qf5+ Qxf5 18. gxf5 Nh5 19. Nb3 Nf4+ 20. Bxf4 gxf4 21. Rh1 Rdg8+ 22. Kf3 Kd7 23. Rxh8 Rxh8 24. Rg1 Bf6 25. Nd2 Rh3+ 26. Ke2 Rh2 27. Nf3 Rh5 28. Rg8 Bd8 29. Rg7 Ke8 30. d4 f6 31. Rg1 Kd7 32. Rg7+ Ke8 33. Kf1 Rh1+ 34. Rg1 Rxg1+ 35. Nxg1 c5 36. d5 Kd7 37. Ke2 c6 38. c4 cxd5 39. cxd5 Bb6 40. Nf3 Bd8 41. Nd2 Kc7 42. Nc4 Kd7 43. Kf3 Ke7 44. Kg4 Kf7 45. Kh5 Kg7 46. Nxd6 Be7 47. Nc4 Bd8 48. Kg4 Kf7 49. Kh5 Kg7 50. d6 Kf7 51. Kh6 Ke8 52. Kg7 Kd7 53. Kf7 Kc6 54. Ke6 Kb5 55. b3 a5 56. Kd7 Bb6 57. Nxb6 Kxb6 58. Ke6 a4 59. d7 axb3 60. axb3 Kb5 61. d8=Q Kb4 62. Qd5 Kc3 63. Qc4+ Kd2 64. Kxf6 Ke1 65. Kxe5 Kxf2 66. Kxf4 Ke1 67. Qc2 Kf1 68. Kf3 Kg1 69. Qg2# 1-0

[Event "December 12 Late 2023"]
[Site "https://www.chess.com"]
[Date "2023.12.12"]
[Round "3"]
[White "Rian, Kapriaga"]
[Black "Brown, Raehanna"]
[Result "1-0"]
[Board "145"]
[TimeControl "180+1"]
[WhiteFideId "7103263"]
[BlackFideId "7402740"]
[WhiteElo "2358"]
[BlackElo "2174"]
[WhiteTeam "INA"]
[BlackTeam "JAM"]
[WhiteClock "0:00:03"]
[BlackClock "0:00:08"]

1. d4 Nf6 2. Nf3 g6 3. c4 Bg7 4. Nc3 O-O 5. Bg5 b6 6. e3 Bb7 7. Be2 d6 8. O-O Nbd7 9. Qc2 Re8 10. Rad1 Qc8 11. a3 e5 12. dxe5 Nxe5 13. Nxe5 Rxe5 14. Bf4 Re8 15. Nd5 Ne4 16. Bf3 Nc5 17. b4 Ne6 18. Bg3 Ng5 19. Be2 Ne4 20. Bf3 Ng5 21. Be2 Ne4 22. Bd3 Nf6 23. Nxf6+ Bxf6 24. c5 dxc5 25. bxc5 Qe6 26. Bc4 Qc6 27. f3 Qxc5 28. Bf2 Ba6 29. Rc1 Qxa3 30. h4 Bxc4 31. Qxc4 c5 32. h5 Qb2 33. Rfd1 Qe5 34. Rd5 Qe6 35. Rcd1 Rad8 36. e4 Rxd5 37. exd5 Qe2 38. Qc1 gxh5 39. Re1 Kg7 40. Rxe2 Rxe2 41. d6 Re6 42. Qd1 Re8 43. d7 Rd8 44. Bg3 a5 45. Bc7 Ra8 46. d8=Q Bxd8 47. Bxd8 a4 48. Qa1+ Kg6 49. Qf6# 1-0

[Event "December 12 Late 2023"]
[Site "https://www.chess.com"]
[Date "2023.12.12"]
[Round "3"]
[White "Gruzman, Ilya"]
[Black "Nadera, Barlo A."]
[Result "1-0"]
[Board "146"]
[TimeControl "180+1"]
[WhiteFideId "2812703"]
[BlackFideId "5200598"]
[WhiteElo "2358"]
[BlackElo "2167"]
[WhiteTeam "ISR"]
[BlackTeam "PHI"]
[WhiteClock "0:01:38"]
[BlackClock "0:00:00"]

1. d4 d5 2. c4 e6 3. Nc3 c6 4. e3 Nf6 5. Nf3 Nbd7 6. Bd3 dxc4 7. Bxc4 b5 8. Bd3 Bb7 9. O-O Rc8 10. a4 b4 11. Ne4 c5 12. Nxc5 Bxc5 13. dxc5 Nxc5 14. Bb5+ Ke7 15. Qe2 a5 16. Rd1 Qb6 17. Ne5 Rhd8 18. Nc4 Qc7 19. f3 Rxd1+ 20. Qxd1 Rd8 21. Qe2 Bd5 22. Nd2 Bb7 23. e4 h6 24. Nc4 Qb8 25. Be3 Nd3 26. Nxa5 1-0

[Event "December 12 Late 2023"]
[Site "https://www.chess.com"]
[Date "2023.12.12"]
[Round "3"]
[White "Ward, Ieuan C"]
[Black "Hartikainen, Jarmo"]
[Result "1-0"]
[Board "148"]
[TimeControl "180+1"]
[WhiteFideId "406627"]
[BlackFideId "503134"]
[WhiteElo "2344"]
[BlackElo "2131"]
[WhiteTeam "ENG"]
[BlackTeam "FIN"]
[WhiteClock "0:01:28"]
[BlackClock "0:00:00"]

1. e4 c5 2. Nf3 Nc6 3. d4 cxd4 4. c3 d5 5. exd5 Qxd5 6. cxd4 Bg4 7. Be2 e6 8. Nc3 Qa5 9. O-O Nf6 10. h3 Bh5 11. Be3 Be7 12. a3 O-O 13. Rc1 a6 14. Qb3 Qd8 15. Rfd1 Na5 16. Qa4 b5 17. Qc2 Rc8 18. Qb1 Nc4 19. Bxc4 Bxf3 20. Be2 Bxe2 21. Nxe2 Nd5 22. Qe4 Bd6 23. Nc3 Nxc3 24. Rxc3 Rxc3 25. bxc3 Bxa3 26. Ra1 Qd6 27. Bf4 Qe7 28. Qc6 b4 29. Bd6 Qe8 30. Qxa6 bxc3 31. Qxa3 c2 32. Bxf8 Qc6 33. Bc5 h5 34. Rc1 Qe4 35. Qe3 1-0

[Event "December 12 Late 2023"]
[Site "https://www.chess.com"]
[Date "2023.12.12"]
[Round "3"]
[White "Ruiz Aguilar, Pablo Alexander"]
[Black "ogpin"]
[Result "1-0"]
[Board "149"]
[TimeControl "180+1"]
[WhiteFideId "4401352"]
[WhiteElo "2336"]
[BlackElo "2130"]
[WhiteTeam "COL"]
[WhiteClock "0:00:57"]
[BlackClock "0:00:10"]

1. e4 e5 2. Nf3 Nc6 3. Bb5 a6 4. Ba4 Bc5 5. O-O Nf6 6. d3 b5 7. Bb3 d6 8. c3 Rb8 9. Nbd2 O-O 10. Re1 Ne7 11. Nf1 Ng6 12. Ng3 h6 13. h3 Bb6 14. Qe2 c5 15. a4 Re8 16. axb5 axb5 17. Be3 d5 18. exd5 Nxd5 19. Bxd5 Qxd5 20. Ne4 Bf5 21. Bd2 Rbd8 22. Bxh6 Qxd3 23. Qxd3 Rxd3 24. Bc1 c4 25. Ng3 Bxh3 26. Ng5 Rxg3 27. Nxh3 Nh4 28. Bg5 Nf3+ 29. Kf1 Rxg5 30. gxf3 Rf5 31. Kg2 Re6 32. Re4 Rg6+ 33. Rg4 Kh7 34. Rxg6 Kxg6 35. Ra6 Rf6 36. f4 Bc7 37. Ra7 Bd6 38. fxe5 Bxe5 39. Rb7 Kf5 40. Rxb5 Rg6+ 41. Kf3 Rh6 42. Nf4 g5 43. Nd5 Rh3+ 44. Ke2 Ke4 45. Ne3 f5 46. Nxc4 Bf4 47. Nd2+ Bxd2 48. Kxd2 Rd3+ 49. Ke2 Rd8 50. Rb4+ Ke5 51. Rb5+ Ke4 52. b3 f4 53. f3# 1-0

[Event "December 12 Late 2023"]
[Site "https://www.chess.com"]
[Date "2023.12.12"]
[Round "3"]
[White "Gerbelli Neto, Eduardo"]
[Black "Powell, Paul"]
[Result "1-0"]
[Board "150"]
[TimeControl "180+1"]
[WhiteFideId "2103281"]
[BlackFideId "2005840"]
[WhiteElo "2335"]
[BlackElo "2127"]
[WhiteTeam "BRA"]
[BlackTeam "USA"]
[WhiteClock "0:00:45"]
[BlackClock "0:00:05"]

1. e4 c5 2. Nc3 Nc6 3. f4 g6 4. Nf3 Bg7 5. Bc4 d6 6. O-O Nd4 7. Nxd4 Bxd4+ 8. Kh1 a6 9. d3 b5 10. Bd5 Rb8 11. f5 Bf6 12. Qf3 e6 13. fxe6 fxe6 14. Bg5 Kf7 15. Bb3 Kg7 16. Bxf6+ Qxf6 17. Qg3 Qe7 18. Ne2 Nh6 19. Nf4 Bd7 20. Nh5+ Kg8 21. Nf6+ Kg7 22. Qg5 Rhe8 23. Nh5+ Kh8 24. Qxh6 gxh5 25. Rf6 Rf8 26. Raf1 Rxf6 27. Rxf6 c4 28. dxc4 bxc4 29. Bxc4 Rxb2 30. Rf8+ 1-0

[Event "December 12 Late 2023"]
[Site "https://www.chess.com"]
[Date "2023.12.12"]
[Round "3"]
[White "Harrington, Steve"]
[Black "Bonin, Jay"]
[Result "1-0"]
[Board "151"]
[TimeControl "180+1"]
[WhiteFideId "2038730"]
[BlackFideId "2000644"]
[WhiteElo "2125"]
[BlackElo "2329"]
[WhiteTeam "USA"]
[BlackTeam "USA"]
[WhiteClock "0:00:17"]
[BlackClock "0:00:24"]

1. e4 c5 2. c3 e6 3. d4 d5 4. e5 Qb6 5. Nf3 Bd7 6. Bd3 Bb5 7. O-O Bxd3 8. Qxd3 Qa6 9. Qxa6 Nxa6 10. Bg5 h6 11. Be3 Rc8 12. Nbd2 Ne7 13. Rfc1 b5 14. Kf1 Nf5 15. Ke2 Be7 16. g4 Nxe3 17. Kxe3 Kd7 18. h4 f6 19. a3 c4 20. b3 cxb3 21. Nxb3 Nb8 22. a4 b4 23. cxb4 Bxb4 24. Rab1 Nc6 25. Nc5+ Bxc5 26. Rxc5 Rb8 27. Rcb5 a6 28. Rb7+ Kc8 29. Rxb8+ Nxb8 30. Ne1 fxe5 31. dxe5 Nc6 32. Nd3 h5 33. g5 Rf8 34. f4 Kc7 35. Nc5 Re8 36. Nxa6+ Kc8 37. Nc5 Kc7 38. Rb7+ Kc8 39. Rxg7 d4+ 40. Ke4 1-0

[Event "December 12 Late 2023"]
[Site "https://www.chess.com"]
[Date "2023.12.12"]
[Round "3"]
[White "Lutz, Igor Oscar"]
[Black "Degtiarev, Evgeny"]
[Result "1/2-1/2"]
[Board "152"]
[TimeControl "180+1"]
[WhiteFideId "2110806"]
[BlackFideId "4149610"]
[WhiteElo "2113"]
[BlackElo "2326"]
[WhiteTeam "BRA"]
[BlackTeam "GER"]
[WhiteClock "0:01:45"]
[BlackClock "0:01:29"]

1. d4 d5 2. c4 c6 3. Nf3 Nf6 4. g3 g6 5. Bg2 Bg7 6. O-O O-O 7. Nbd2 a5 8. Qc2 a4 9. e4 dxe4 10. Nxe4 Nxe4 11. Qxe4 Bf5 12. Qe2 a3 13. bxa3 c5 14. Bb2 cxd4 15. Rad1 Nc6 16. Nh4 e5 17. Nxf5 gxf5 18. Bd5 Qd7 19. Qh5 Ne7 20. Bg2 Rac8 21. Qe2 Rc7 22. Rc1 e4 23. Rfd1 d3 24. Qd2 Bxb2 25. Qxb2 Nc6 26. Qf6 Nd4 27. Qg5+ Kh8 28. Qf6+ Kg8 29. Qg5+ Kh8 30. Qf6+ Kg8 1/2-1/2

[Event "December 12 Late 2023"]
[Site "https://www.chess.com"]
[Date "2023.12.12"]
[Round "3"]
[White "Silvestre, Christian"]
[Black "Janiashvili, Mariami"]
[Result "0-1"]
[Board "153"]
[TimeControl "180+1"]
[WhiteFideId "30956269"]
[BlackFideId "13612077"]
[WhiteElo "2318"]
[BlackElo "2112"]
[WhiteTeam "USA"]
[BlackTeam "GEO"]
[WhiteClock "0:00:06"]
[BlackClock "0:00:03"]

1. e4 d5 2. exd5 Qxd5 3. Nc3 Qa5 4. Nf3 Nf6 5. Bc4 Bg4 6. h3 Bh5 7. g4 Bg6 8. d3 c6 9. Bd2 Qc7 10. Qe2 Nbd7 11. O-O-O O-O-O 12. Nh4 Nb6 13. Nxg6 hxg6 14. Bxf7 Kb8 15. Bxg6 e5 16. Rde1 Nbd5 17. Qxe5 Bd6 18. Nxd5 Nxd5 19. Qf5 Rhf8 20. Qe4 Rxf2 21. Rhf1 Rh2 22. Rf7 Qb6 23. Qe8 a6 24. Qe4 Rxd2 25. Kxd2 Qxb2 26. Ke2 Nc3+ 27. Kf1 Nxe4 28. Bxe4 Qxc2 29. Re2 Qc1+ 30. Kg2 Qh6 31. Rb2 b5 32. a4 Qe3 33. Bxc6 Qg3+ 34. Kf1 Be5 35. Rbf2 Rxd3 36. Rb7+ Kc8 37. Rf8+ Rd8 38. Rf2 Qxh3+ 39. Bg2 Rd1+ 40. Ke2 Qd3# 0-1

[Event "December 12 Late 2023"]
[Site "https://www.chess.com"]
[Date "2023.12.12"]
[Round "3"]
[White "Oliveira, Tiago Batista"]
[Black "Bazzano, Sebastian"]
[Result "1-0"]
[Board "154"]
[TimeControl "180+1"]
[WhiteFideId "2108291"]
[BlackFideId "104566"]
[WhiteElo "2080"]
[BlackElo "2317"]
[WhiteTeam "BRA"]
[BlackTeam "ARG"]
[WhiteClock "0:00:03"]
[BlackClock "0:00:00"]

1. d4 Nf6 2. c4 c5 3. d5 e6 4. Nc3 exd5 5. cxd5 d6 6. g3 g6 7. Bg2 Bg7 8. Nf3 O-O 9. O-O a6 10. a4 Re8 11. Re1 Nbd7 12. Nd2 Rb8 13. Nc4 Ne5 14. Nxe5 Rxe5 15. Bf4 Re8 16. e4 b5 17. axb5 axb5 18. e5 Ng4 19. e6 Ne5 20. exf7+ Nxf7 21. Rxe8+ Qxe8 22. Ne4 Qe7 23. Nxc5 Bxb2 24. Rb1 Be5 25. Ne6 Bxe6 26. dxe6 Qxe6 27. Bd5 Qf6 28. Be3 Kg7 29. Qb3 b4 30. f4 Bc3 31. Kg2 Nh6 32. h3 Re8 33. Bf2 Nf5 34. Qc4 Ne3+ 35. Bxe3 Rxe3 36. Qc7+ Kh6 37. Bf3 Qd4 38. Qd7 Qd2+ 39. Kh1 Rxf3 40. Qg4 Rf2 41. Qg5+ Kg7 42. Qe7+ Kg8 43. Qd8+ Kg7 44. Qe7+ 1-0

[Event "December 12 Late 2023"]
[Site "https://www.chess.com"]
[Date "2023.12.12"]
[Round "3"]
[White "Ghosh, Chanchal Kumer"]
[Black "Dubreuil, Julien"]
[Result "1/2-1/2"]
[Board "155"]
[TimeControl "180+1"]
[WhiteFideId "10201858"]
[BlackFideId "621285"]
[WhiteElo "2075"]
[BlackElo "2316"]
[WhiteTeam "BAN"]
[BlackTeam "FRA"]
[WhiteClock "0:00:20"]
[BlackClock "0:01:36"]

1. e4 c5 2. Nf3 Nc6 3. d4 cxd4 4. Nxd4 g6 5. Nc3 Bg7 6. Be3 Nf6 7. Be2 O-O 8. O-O e6 9. Qd2 d5 10. exd5 Nxd5 11. Nxd5 Nxd4 12. Bxd4 Qxd5 13. c3 e5 14. Be3 Qxd2 15. Bxd2 Bd7 16. Bf3 Bb5 17. Rfe1 Rad8 18. Be3 b6 19. a4 Bd3 20. a5 e4 21. Be2 Rd5 22. axb6 axb6 23. Bxd3 exd3 24. Red1 Rb5 25. Rd2 Rd8 26. Rad1 Bf6 27. Bh6 Bg7 28. Bxg7 Kxg7 29. b4 Rbd5 30. f3 Kf6 31. Kf2 Kf5 32. g3 g5 33. Ke3 Re8+ 34. Kf2 Red8 35. Ke3 Re5+ 36. Kf2 Red5 1/2-1/2

[Event "December 12 Late 2023"]
[Site "https://www.chess.com"]
[Date "2023.12.12"]
[Round "3"]
[White "Stead, Kerry"]
[Black "Kappeler, Kaspar"]
[Result "1/2-1/2"]
[Board "156"]
[TimeControl "180+1"]
[WhiteFideId "3202577"]
[BlackFideId "1309072"]
[WhiteElo "2059"]
[BlackElo "2312"]
[WhiteTeam "AUS"]
[BlackTeam "SUI"]
[WhiteClock "0:01:17"]
[BlackClock "0:00:18"]

1. d4 Nf6 2. f3 d5 3. e4 dxe4 4. Nc3 Bf5 5. fxe4 Nxe4 6. Qf3 Nxc3 7. bxc3 Qc8 8. Bc4 e6 9. Ne2 Nd7 10. O-O Bd6 11. g4 Bg6 12. Nf4 Bxf4 13. Bxf4 O-O 14. Rf2 Nb6 15. Bd3 Nd5 16. Bd2 c5 17. Raf1 c4 18. Be4 Qd7 19. h4 b5 20. h5 Bxe4 21. Qxe4 h6 22. g5 hxg5 23. Bxg5 f5 24. Qe5 Rae8 25. h6 gxh6 26. Bxh6 Rf7 27. Rg2+ Kh7 28. Bd2 Rg8 29. Rf2 Rxg2+ 30. Rxg2 Rg7 31. Qh2+ Kg8 32. Qb8+ Kh7 33. Qh2+ Kg8 34. Qb8+ Kh7 35. Qh2+ 1/2-1/2

[Event "December 12 Late 2023"]
[Site "https://www.chess.com"]
[Date "2023.12.12"]
[Round "3"]
[White "Adamczyk, Zuzanna"]
[Black "Hernandez Bonilla, Amelia"]
[Result "1-0"]
[Board "157"]
[TimeControl "180+1"]
[WhiteFideId "1187570"]
[BlackFideId "3900193"]
[WhiteElo "2307"]
[BlackElo "2034"]
[WhiteTeam "POL"]
[BlackTeam "VEN"]
[WhiteClock "0:01:34"]
[BlackClock "0:01:36"]

1. d4 Nf6 2. Nf3 e6 3. g3 d5 4. Bg2 Be7 5. O-O O-O 6. c4 c6 7. Nc3 b6 8. Ne5 Bb7 9. Bf4 Nfd7 10. Rc1 Nxe5 11. dxe5 Nd7 12. cxd5 exd5 13. e4 dxe4 14. Nxe4 c5 15. Nf6+ gxf6 16. Bxb7 fxe5 17. Bh6 Nf6 18. Bxf8 Qxd1 19. Rcxd1 Rxf8 20. Rfe1 Rb8 21. Bc6 Rc8 22. Rxe5 1-0

[Event "December 12 Late 2023"]
[Site "https://www.chess.com"]
[Date "2023.12.12"]
[Round "3"]
[White "Biliy, Vadim"]
[Black "Gulamirian, Korun"]
[Result "1-0"]
[Board "158"]
[TimeControl "180+1"]
[WhiteFideId "14114127"]
[BlackFideId "4144899"]
[WhiteElo "2292"]
[BlackElo "2023"]
[WhiteTeam "UKR"]
[BlackTeam "RUS"]
[WhiteClock "0:00:47"]
[BlackClock "0:00:00"]

1. d4 Nf6 2. Nf3 g6 3. e3 Bg7 4. Be2 O-O 5. O-O c6 6. b4 d5 7. c3 Nbd7 8. a4 a5 9. b5 c5 10. Ba3 b6 11. Nbd2 Ne4 12. Rc1 Re8 13. Bd3 f5 14. Bxe4 fxe4 15. Ng5 e5 16. f4 exf3 17. Ndxf3 exd4 18. exd4 c4 19. Qd2 Nf6 20. Qf4 Bg4 21. Ne5 Bf5 22. Ngf7 Qb8 23. Nh6+ Bxh6 24. Qxh6 Rxe5 25. dxe5 Qxe5 26. Qf4 1-0

[Event "December 12 Late 2023"]
[Site "https://www.chess.com"]
[Date "2023.12.12"]
[Round "4"]
[White "Nihal Sarin"]
[Black "Ashraf, Artin"]
[Result "1-0"]
[Board "1"]
[TimeControl "180+1"]
[WhiteFideId "25092340"]
[BlackFideId "22514805"]
[WhiteElo "3146"]
[BlackElo "2906"]
[WhiteTeam "IND"]
[BlackTeam "IRI"]
[WhiteClock "0:00:18"]
[BlackClock "0:00:01"]

1. d4 Nf6 2. Bg5 d5 3. e3 c5 4. c3 Bf5 5. Nd2 e6 6. Ngf3 Be7 7. dxc5 Bxc5 8. Nh4 Bg6 9. Nxg6 hxg6 10. Be2 Nc6 11. h4 Qc7 12. Qa4 a6 13. O-O-O O-O-O 14. Kb1 Kb8 15. Nb3 Be7 16. Nd4 Nxd4 17. cxd4 Ne4 18. Rc1 Qd7 19. Bf4+ Bd6 20. Qxd7 Rxd7 21. Bxd6+ Rxd6 22. Rh2 g5 23. h5 f5 24. g4 f4 25. f3 Nf6 26. exf4 gxf4 27. Bd3 g5 28. Re1 Nd7 29. Rhe2 Rh6 30. Re5 Nxe5 31. Rxe5 Rb6 32. Rxg5 Rb4 33. Rg8+ Ka7 34. Bg6 Rxd4 35. g5 Rxg6 36. Rxg6 Rd3 37. h6 Rxf3 38. h7 Rf1+ 39. Kc2 Rh1 40. Rh6 Rxh6 41. gxh6 f3 42. h8=Q f2 43. Qd4+ 1-0